 Dungeon Crawl Stone Soup version 0.21.1-1-g345015fe64 (webtiles) character file.

337 PikkenKukken the Poker (level 6, -2/37 HPs)
             Began as a Tengu Fighter on June 25, 2018.
             Was a Follower of Trog.
             Slain by an adder (3 damage)
             ... on level 5 of the Dungeon.
             The game lasted 00:09:02 (3765 turns).

PikkenKukken the Poker (Tengu Fighter)              Turns: 3765, Time: 00:09:03

Health: -2/37      AC:  3    Str: 17    XL:     6   Next: 54%
Magic:  7/7        EV: 11    Int:  8    God:    Trog [*.....]
Gold:   205        SH: 10    Dex: 15    Spells: 5/5 levels left

rFire    . . .     SeeInvis .   a - +0 trident
rCold    . . .     Gourm    .   c - +1 shield
rNeg     . . .     Faith    .   k - +0 leather armour
rPois    .         Spirit   .   (helmet restricted)
rElec    .         Reflect  .   (no cloak)
rCorr    .         Harm     .   (no gloves)
MR       .....                  (boots unavailable)
Stlth    +.........             m - amulet of magic regeneration
HPRegen  0.12/turn              (no ring)
MPRegen  0.35/turn              (no ring)

@: lethally poisoned (-2 -> -6)
A: beak, talons 3, able to fly 1
a: Fly, Berserk, Burn Spellbooks, Renounce Religion


You were on level 5 of the Dungeon.
You worshipped Trog.
Trog was aware of your devotion.
You were not hungry.

You visited 1 branch of the dungeon, and saw 7 of its levels.

You collected 205 gold pieces.

Inventory:

Hand Weapons
 a - a +0 trident (weapon)
 b - a +0 hunting sling
Missiles
 g - 19 sling bullets
 j - 146 stones (quivered)
Armour
 c - a +1 shield (worn)
 e - a +0 buckler
 i - a +0 scale mail
 k - a +0 leather armour (worn)
Jewellery
 m - an amulet of magic regeneration (around neck)
Wands
 n - a wand of flame (24)
Scrolls
 h - 2 scrolls of remove curse
 l - a scroll of identify
Potions
 d - a potion of might
 q - a potion of flight
Comestibles
 f - 4 rations


   Skills:
 - Level 3.4 Fighting
 + Level 4.4 Polearms
 + Level 2.8 Slings
 - Level 3.2 Armour
 + Level 3.7 Dodging
 - Level 3.3 Shields


You had 5 spell levels left.
You didn't know any spells.

Dungeon Overview and Level Annotations

Branches:
Dungeon (7/15)
 Temple: D:4-7

Altars:
Fedhas
Gozag
Qazlal
Trog
Vehumet
Yredelemnul


Innate Abilities, Weirdness & Mutations

You have a beak for a mouth.
You have claws for feet.
You can fly.


Message History

The hound is moderately wounded.
You block the adder's attack. You block the hound's attack.
The adder bites you.
* * * LOW HITPOINT WARNING * * *
You miss the hound. Your peck misses the hound.
The hound is moderately wounded.
You feel sick. The hound bites you.
* * * LOW HITPOINT WARNING * * *
The adder bites you but does no damage. The hound bites you but does no damage.
You hit the hound.
The hound is severely wounded.
The adder barely misses you. The hound closely misses you. The adder bites you.
* * * LOW HITPOINT WARNING * * *
You block the hound's attack.
Your shield prevents you from hitting the hound.
Your kick misses the hound. Your peck misses the hound.
The hound is severely wounded.
* * * LOW HITPOINT WARNING * * *
You feel sick. You block the hound's attack. The adder bites you.
You die...

#############.##
####...OWaS@h.....#
#......lr#######..#
#.##.###.# #..a.#
#.# #....# #.#
#ยง...###.#
#......#.#
#....#?#.# #.#..#.#


You could see a phantom, an ogre, a hound, a worker ant, an adder, a leopard
gecko and a quokka.

Vanquished Creatures
  A scorpion (D:4)
  A crimson imp (D:4)
  A hound (D:4)
  Ijyb (D:4)
  A worker ant (D:3)
  A hound skeleton (D:4)
  4 gnolls (D:2)
  3 adders
  A shadow imp (D:6)
  2 oozes
  3 worms
  2 leopard geckos
  5 orcs
  2 giant cockroaches
  12 goblins
  6 hobgoblins
  7 jackals
  2 kobolds
  2 quokkas (D:2)
  4 bats
  8 frilled lizards
  3 rats (D:2)
72 creatures vanquished.

Notes
Turn   | Place    | Note
-------+----------+-------------------------------------------
     0 | D:1      | PikkenKukken the Tengu Fighter began the quest for the Orb.
     0 | D:1      | Reached XP level 1. HP: 14/14 MP: 2/2
    34 | D:1      | Reached XP level 2. HP: 15/19 MP: 3/3
   193 | D:1      | Reached skill level 1 in Dodging
   564 | D:1      | Reached XP level 3. HP: 23/23 MP: 4/4
  1146 | D:2      | Found a radiant altar of Vehumet.
  1191 | D:2      | Found a bloodstained altar of Trog.
  1412 | D:2      | Became a worshipper of Trog the Wrathful
  1467 | D:2      | Reached skill level 3 in Polearms
  1523 | D:1      | Reached XP level 4. HP: 22/28 MP: 5/5
  1590 | D:2      | Reached skill level 1 in Slings
  2196 | D:3      | Gained mutation: You can fly. [Tengu growth]
  2196 | D:3      | Reached XP level 5. HP: 32/32 MP: 6/6
  2203 | D:3      | Reached * piety under Trog
  2514 | D:3      | Found a stormy altar of Qazlal.
  2902 | D:3      | Found a blossoming altar of Fedhas.
  3168 | D:4      | Reached skill level 4 in Polearms
  3437 | D:4      | Reached XP level 6. HP: 32/37 MP: 7/7
  3501 | D:4      | Found a basalt altar of Yredelemnul.
  3569 | D:4      | Found an opulent altar of Gozag.
  3620 | D:4      | Noticed Ijyb
  3625 | D:4      | Killed Ijyb
  3679 | D:4      | You fall through a shaft for 3 floors!
  3713 | D:5      | Entered Level 5 of the Dungeon
  3713 | D:5      | Noticed a phantom
  3765 | D:5      | HP: 1/37 [poisoned by an adder]
  3765 | D:5      | Slain by an adder

Skill      XL: |  1  2  3  4  5 |
---------------+----------------+-----
Dodging        | 1 2 3 |  3.7
Polearms       | 3 4 |  4.4
Slings         | 1 2 |  2.8
Fighting       | |  3.4
Armour         | |  3.2
Shields        | |  3.3

Action                   |  1- 3 |  4- 6 || total
-------------------------+-------+-------++-------
Melee: Trident           |    83 |   106 ||   189
       Kick              |    16 |    26 ||    42
       Peck              |     5 |    15 ||    20
 Fire: Hunting sling     |     6 |    42 ||    48
  Use: Scroll            |     3 |     4 ||     7
       Potion            |     1 |       ||     1
  Eat: Chunk             |     2 |     7 ||     9
Armor: Scale mail        |    13 |       ||    13
       Leather armour    |     4 |    25 ||    29
Dodge: Dodged            |    25 |    50 ||    75
Block: Shield            |    30 |    64 ||    94
